 Dungeon Crawl Stone Soup version 0.22.1-2-g9c5b331 (webtiles) character file.

551 Selgatrox the Insei (level 7, -5/49 HPs)
             Began as a Demonspawn Transmuter on Dec 5, 2018.
             Shot with an arrow by a centaur (7 damage)
             ... on level 5 of the Dungeon on Dec 10, 2018.
             The game lasted 00:20:27 (4050 turns).

Selgatrox the Insei (Demonspawn Transmuter)         Turns: 4050, Time: 00:20:28

Health: -5/49      AC:  7    Str: 11    XL:     7   Next: 7%
Magic:  11/11      EV:  9    Int: 16    God:
Gold:   174        SH:  0    Dex: 18    Spells: 7/12 levels left

rFire    . . .     SeeInvis .     - Unarmed
rCold    . . .     Gourm    .   (no shield)
rNeg     . . .     Faith    .   i - +1 scale mail {MR+}
rPois    .         Spirit   .   (helmet restricted)
rElec    .         Reflect  .   (no cloak)
rCorr    .         Harm     .   (no gloves)
MR       +....                  (no boots)
Stlth    ++........             (no amulet)
HPRegen  0.16/turn              r - +5 ring of dexterity
MPRegen  0.12/turn              s - ring of stealth

@: no status effects
A: antennae 2, spiny 2
a: no special abilities


You were on level 5 of the Dungeon.
You were not hungry.

You visited 1 branch of the dungeon, and saw 5 of its levels.

You collected 174 gold pieces.

Inventory:

Hand Weapons
 p - a +0 spear of freezing
Missiles
 a - 52 arrows
Armour
 i - a +1 scale mail of magic resistance (worn)
 w - the cursed +0 leather armour of Ehimyot {rPois, unknown}
   (You found it on level 5 of the Dungeon)

   It protects you from poison.
   It has a curse placed upon it.
 x - a cursed -2 scale mail
Jewellery
 r - a +5 ring of dexterity (left hand)
 s - a ring of stealth (right hand)
Wands
 u - a wand of flame (13)
Scrolls
 b - a scroll of noise
 c - 2 scrolls of fear {unknown}
 e - a scroll of magic mapping {unknown}
 g - 2 scrolls of enchant armour {unknown}
 h - a scroll of amnesia {unknown}
 k - a scroll of identify
 n - 4 scrolls of remove curse {unknown}
 o - 3 scrolls of blinking {unknown}
 t - a scroll of immolation {unknown}
Potions
 f - a potion of lignification
 j - a potion of flight {unknown}
 l - a potion of haste {unknown}
 m - 2 potions of curing {unknown}
 q - 2 potions of mutation {unknown}
 v - a potion of berserk rage {unknown}
Comestibles
 d - 7 rations


   Skills:
 + Level 1.7 Fighting
 - Level 0.5 Throwing
 - Level 2.5 Armour
 + Level 2.3 Dodging
 + Level 1.5 Stealth
 + Level 4.8 Unarmed Combat
 + Level 3.1 Spellcasting
 + Level 0.1 Summonings
 + Level 3.2 Transmutations


You had 7 spell levels left.
You knew the following spells:

 Your Spells              Type           Power        Failure   Level  Hunger
a - Beastly Appendage     Tmut           ##....       28%         1    None
b - Corona                Hex            #......      71%         1    None
c - Sticks to Snakes      Tmut           ##......     38%         2    ##.....
d - Summon Small Mammal   Summ           #...         71%         1    None

Your spell library contained the following spells:

 Spells                   Type           Power        Failure   Level  Hunger
 Animate Skeleton         Necr           N/A          71%         1    None
 Apportation              Tloc           #.....       71%         1    None
 Confusing Touch          Hex            #.....       71%         1    None
 Ensorcelled Hibernation  Hex/Ice        #.....       85%         2    ##.....
 Spider Form              Tmut/Pois      #.........   86%         3    ###....
 Confuse                  Hex            #.......     97%         3    ###....
 Dazzling Spray           Conj/Hex       #.....       97%         3    ###....
 Tukima's Dance           Hex            #.......     97%         3    ###....
 Ice Form                 Ice/Tmut       #.......     99%         4    ####...
 Blade Hands              Tmut           ##........   100%        5    ######.


Dungeon Overview and Level Annotations

Branches:
Dungeon (5/15)
 Temple: D:4-7

Altars:
Kikubaaqudgha


Innate Abilities, Weirdness & Mutations

You have a pair of antennae on your head.
You are mostly covered in sharp spines.


Message History

A hound comes into view.
As you read the scroll of identify, it crumbles to dust.
x - a cursed -2 scale mail
Found 17 stones.
Found a dark potion.
A centaur comes into view.
The centaur shouts!
The centaur wields a shortbow.
The centaur shoots an arrow.
The arrow hits you but does no damage.
You hear a bark!
Found 8 gold pieces.
You see here an arrow.
Found a stone staircase leading down.
You see here 17 stones.
The centaur shoots an arrow.
The arrow hits you!
* * * LOW HITPOINT WARNING * * *
You see here an arrow.
The centaur shoots an arrow.
The arrow closely misses you.
The centaur shoots an arrow.
The arrow hits you!
You die...

###### #....# ######
.....########....#
.....#........##.#
..............##@######
..............(.>.......
.............(##.#######
.....#........##.#
...###..<.....##.# ...#
#........##.#
_..###...c###+##.#
........(........#
.......#.....!...#


You could see a centaur.

Vanquished Creatures
  An ice beast (D:5)
  A scorpion (D:4)
  A crimson imp (D:5)
  A hound (D:3)
  An orc priest (D:3)
  3 orc wizards (D:3)
  A jelly (D:3)
  2 worker ants
  A gnoll (D:2)
  7 adders
  A worm (D:3)
  4 leopard geckos
  6 orcs (D:3)
  A ball python (D:3)
  6 bats
  4 giant cockroaches
  11 goblins
  7 hobgoblins
  4 quokkas
  A ball python skeleton (D:4)
  3 frilled lizards
  6 kobolds
  A quokka skeleton (D:4)
  8 rats
82 creatures vanquished.

Notes
Turn   | Place    | Note
-------+----------+-------------------------------------------
     0 | D:1      | Selgatrox the Demonspawn Transmuter began the quest for the
                  | Orb.
     0 | D:1      | Reached XP level 1. HP: 15/15 MP: 3/3
   529 | D:1      | Reached skill level 3 in Unarmed Combat
   551 | D:1      | Gained mutation: You are partially covered in sharp spines.
                  | [demonic ancestry]
   551 | D:1      | Reached XP level 2. HP: 18/21 MP: 5/5
  1046 | D:2      | Reached skill level 1 in Stealth
  1090 | D:2      | Reached XP level 3. HP: 25/26 MP: 6/6
  1244 | D:2      | Reached skill level 1 in Armour
  1574 | D:2      | Learned a level 1 spell: Corona
  1577 | D:2      | Learned a level 2 spell: Sticks to Snakes
  1768 | D:3      | Gained mutation: You are mostly covered in sharp spines.
                  | [demonic ancestry]
  1768 | D:3      | Reached XP level 4. HP: 31/32 MP: 5/7
  1823 | D:3      | Gained mutation: You have a pair of small antennae on your
                  | head. [demonic ancestry]
  1823 | D:3      | Reached XP level 5. HP: 19/37 MP: 6/8
  2363 | D:3      | Reached skill level 4 in Unarmed Combat
  2423 | D:3      | Reached XP level 6. HP: 20/43 MP: 9/9
  3338 | D:4      | Learned a level 1 spell: Summon Small Mammal
  3854 | D:5      | Entered Level 5 of the Dungeon
  3937 | D:5      | Got a jewelled leather armour
  3957 | D:5      | Noticed an ice beast
  3958 | D:5      | Found an ancient bone altar of Kikubaaqudgha.
  3978 | D:5      | HP: 1/64 [ice beast (7)]
  3980 | D:5      | Killed an ice beast
  3980 | D:5      | Gained mutation: You have a pair of antennae on your head.
                  | [demonic ancestry]
  3980 | D:5      | Reached XP level 7. HP: 1/49 MP: 11/11
  4048 | D:5      | HP: 1/49 [centaur/arrow (10)]
  4050 | D:5      | Shot with an arrow by a centaur

Skill      XL: |  1  2  3  4  5  6 |
---------------+-------------------+-----
Transmutations | 2 3 |  3.2
Unarmed Combat | 3 4 |  4.8
Stealth        | 1 |  1.5
Armour         | 1 2 |  2.5
Dodging        | 2 |  2.3
Spellcasting   | 3 |  3.1
Fighting       | |  1.7
Throwing       | |  0.5
Summonings     | |  0.1

Action                   |  1- 3 |  4- 6 |  7- 9 || total
-------------------------+-------+-------+-------++-------
Melee: Unarmed           |    80 |   118 |       ||   198
       Kick              |     3 |    29 |       ||    32
       Headbutt          |     2 |       |       ||     2
       Punch             |       |     1 |       ||     1
Throw: Stone             |    14 |       |       ||    14
 Cast: Beastly Appendage |     6 |    14 |       ||    20
       Summon Small Mamm |       |     1 |       ||     1
  Use: Scroll            |     2 |     3 |     1 ||     6
       Potion            |     1 |     1 |       ||     2
  Eat: Chunk             |     1 |     2 |       ||     3
       Ration            |     1 |     1 |       ||     2
Armor: Scale mail        |    27 |    37 |     1 ||    65
       Leather armour    |     1 |       |       ||     1
       Skin              |       |     4 |       ||     4
Dodge: Dodged            |    33 |    33 |     1 ||    67
